 Dungeon Crawl Stone Soup version 0.28.0-1-gb440e238dd (webtiles) character file.

Game seed: 1484742553822439094

26413 PBDoughboyy the Thaumaturge (level 13, -15/98 HPs)
             Began as a Gnoll Earth Elementalist on Feb 19, 2022.
             Was an Initiate of Gozag.
             Killed from afar by an ironbound frostheart (30 damage)
             ... by creeping frost
             ... in an ice cave on Feb 20, 2022.
             The game lasted 02:11:48 (19105 turns).

PBDoughboyy the Thaumaturge (GnEE)                 Turns: 19105, Time: 02:11:48

Health: -15/98     AC: 12    Str: 13    XL:     13   Next: 25%
Magic:  17/26      EV: 15    Int: 20    God:    Gozag
Gold:   2655       SH:  0    Dex: 13    Spells: 14/31 levels left

rFire   . . .      SeeInvis .   f - +0 halberd (venom)
rCold   + . .      Faith    .   (shield currently unavailable)
rNeg    . . .      Spirit   .   G - +0 troll leather armour
rPois   .          Reflect  .   k - +2 helmet
rElec   .          Harm     .   H - +0 cloak
rCorr   .          Rampage  .   M - +0 pair of gloves
Will    .....                   D - +0 pair of boots
Stlth   ++++......              E - amulet of regeneration
HPRegen 1.86/turn               v - +6 ring of strength
MPRegen 0.20/turn               S - ring of protection from cold

@: no status effects
A: fangs 1, strong nose, distributed training
a: Renounce Religion, Potion Petition, Call Merchant, Bribe Branch


You were in an ice cave.
You worshipped Gozag.
Gozag was most pleased with you.
You visited 5 branches of the dungeon, and saw 18 of its levels.
You also visited: Ossuary and Ice Cave.

You collected 2765 gold pieces.
You paid 110 gold pieces to Gozag.

Inventory:

Hand Weapons
 f - a +0 halberd of venom (weapon)
 r - a +3 dagger of speed
Missiles
 c - 268 stones
 u - 3 datura-tipped darts
 I - 18 poisoned darts (quivered)
Armour
 k - a +2 helmet (worn)
 D - a +0 pair of boots (worn)
 G - a +0 troll leather armour (worn)
 H - a +0 cloak (worn)
 M - a +0 pair of gloves (worn)
 U - a +1 tower shield of cold resistance
Jewellery
 v - a +6 ring of strength (left hand)
 z - a ring of positive energy
 E - an amulet of regeneration (around neck)
 K - a +6 ring of intelligence
 Q - a +6 ring of strength
 R - a ring of poison resistance
 S - a ring of protection from cold (right hand)
Wands
 j - a wand of charming (1)
 o - a wand of iceblast (21)
 s - a wand of flame (3)
 L - a wand of acid (14)
 P - a wand of digging (8)
 V - a wand of paralysis (2)
Scrolls
 a - 4 scrolls of teleportation {unknown}
 e - 2 scrolls of blinking {unknown}
 g - 12 scrolls of identify {unknown}
 p - 2 scrolls of fear {unknown}
 q - 2 scrolls of enchant weapon {unknown}
 t - 2 scrolls of enchant armour {unknown}
 w - 4 scrolls of vulnerability {unknown}
 x - 2 scrolls of magic mapping {unknown}
 y - a scroll of immolation {unknown}
 C - a scroll of torment {unknown}
 J - 2 scrolls of amnesia {unknown}
 N - a scroll of fog {unknown}
Potions
 b - 2 potions of lignification {unknown}
 d - 8 potions of curing {unknown}
 h - 3 potions of brilliance {unknown}
 i - 2 potions of degeneration {unknown}
 l - 2 potions of invisibility {unknown}
 m - 2 potions of resistance {unknown}
 n - 3 potions of magic {unknown}
 A - 2 potions of mutation {unknown}
 B - 5 potions of heal wounds
 F - a potion of might {unknown}
 T - 2 potions of attraction {unknown}
 W - a potion of haste {unknown}
Miscellaneous
 O - a tin of tremorstones (2/2)


   Skills:
 + Level 8.1 Fighting
 + Level 8.1 Short Blades
 + Level 8.1 Long Blades
 + Level 8.1 Axes
 + Level 8.1 Maces & Flails
 + Level 8.1 Polearms
 + Level 8.1 Staves
 + Level 8.1 Slings
 + Level 8.1 Bows
 + Level 8.1 Crossbows
 + Level 8.1 Throwing
 + Level 8.1 Armour
 + Level 9.4 Dodging
 + Level 9.2 Stealth
 + Level 8.1 Shields
 + Level 8.1 Unarmed Combat
 + Level 9.6 Spellcasting
 + Level 6.7 Conjurations
 + Level 6.7 Hexes
 + Level 6.7 Summonings
 + Level 6.7 Necromancy
 + Level 6.7 Translocations
 + Level 7.1 Transmutations
 + Level 6.7 Fire Magic
 + Level 6.7 Ice Magic
 + Level 6.7 Air Magic
 + Level 8.8 Earth Magic
 + Level 6.7 Poison Magic
 + Level 8.9 Invocations
 + Level 8.1 Evocations


You had 14 spell levels left.
You knew the following spells:

 Your Spells              Type           Power      Damage    Failure   Level
a - Sandblast             Erth           88%        2d18      1%          1
b - Stone Arrow           Conj/Erth      80%        3d12      1%          3
c - Petrify               Tmut/Erth      41%        N/A       3%          4
d - Call Canine Familiar  Summ           36%        N/A       1%          3
e - Spider Form           Tmut/Pois      37%        N/A       1%          3
f - Ozocubu's Armour      Ice            36%        N/A       1%          3

Your spell library contained the following spells:

 Spells                   Type           Power      Damage    Failure   Level
 Animate Skeleton         Necr           72%        N/A       1%          1
 Pain                     Necr           100%       1d9       1%          1
 Shock                    Conj/Air       100%       1d9       1%          1
 Corpse Rot               Necr/Air       72%        N/A       1%          2
 Ensorcelled Hibernation  Hex/Ice        72%        N/A       1%          2
 Passwall                 Tmut/Erth      34%        N/A       1%          2
 Poisonous Vapours        Pois/Air       72%        N/A       1%          2
 Portal Projectile        Hex/Tloc       72%        N/A       1%          3
 Swiftness                Air            36%        N/A       1%          3
 Vampiric Draining        Necr           36%        2d8       1%          3
 Leda's Liquefaction      Hex/Erth       20%        N/A       3%          4
 Airstrike                Air            18%        N/A       5%          4
 Anguish                  Hex/Necr       18%        N/A       5%          4
 Ozocubu's Refrigeration  Ice            18%        4d8       99%         7


Dungeon Overview and Level Annotations

Branches:
Dungeon (12/15)            Temple (1/1) D:7            Lair (3/6) D:11
  Snake (1/4) Lair:2          Orc (1/2) D:9         Ossuary (visited)
  IceCv (1/1)
  Swamp: Lair:2-4    Shoals: Lair:2-4

Altars:
Ashenzari
Cheibriados
Dithmenos
Elyvilon
Fedhas
Gozag
Hepliaklqana
Kikubaaqudgha
Makhleb
Nemelex Xobeh
Okawaru
Qazlal
Ru
Sif Muna
Trog
Uskayaw
Vehumet
Wu Jian
Xom
Yredelemnul
Zin
The Shining One

Shops:
D:6 =

Annotations:
D:3 Ijyb
D:12 Azrael
Lair:1 exclusion: hydra
Lair:2 exclusion: hydra


Innate Abilities, Weirdness & Mutations

You have very sharp teeth.
Your uncanny sense of smell can sniff out nearby items.
Your experience applies equally to all skills.


Message History

You slash the death yak! You bite the death yak.
The death yak is almost dead.
The death yak closely misses you.
You slash the death yak!
You kill the death yak!
You hit the yak but do no damage.
The yak is poisoned.
The yak gores you!
Your icy armour will break if you move.
Continue? [Y]es or [N]o only, please.
Your icy armour will break if you move.
Continue?
Okay, then.
You barely miss the yak.
The yak is lightly wounded.
The yak gores you but does no damage.
Casting: Sandblast (safe; 1% risk of failure)
Confirm with . or Enter, or press ? or * to list all spells.
The yak misses you.
You hit the yak.
The yak looks as sick as possible!
The yak is moderately wounded.
The yak misses you.
The ironbound frostheart calls freezing cold from the walls.
The frost grips you!! You partially resist.
* * * LOW HITPOINT WARNING * * *
You are encased in ice.
The frost grips your wolf!!
Your wolf dies!
Your wolf's corpse disappears in a puff of smoke!
Your icy armour will break if you move.
Continue?
Your icy armour cracks and falls away as you move.
The ironbound frostheart calls freezing cold from the walls.
The frost grips you! You partially resist.
* * * LOW HITPOINT WARNING * * *
The yak gores you!
* * * LOW HITPOINT WARNING * * *
You hear an angry growl.
You hear an angry growl.
The ice encasing you melts away.
The ironbound frostheart calls freezing cold from the walls.
The frost grips you!! You partially resist.
You die...
Your body crumbles into a pile of gold.

##### #.[.# ##########
#.⌠.#########Y.p##$hp#
##
#.....#..#.Y.##..p##...#
#≈#####....#@.########


.hYh# #≈#≈#≈≈.#####..# Y..h ##≈≈≈≈#≈..##..## hpp ####≈≈#≈≈≈##...### .#
##.≈≈####### #### # #..### ##..## ∆ ##..# #..### $ $ You could see an ironbound
frostheart and 2 yaks.

Vanquished Creatures
  A boulder beetle (Lair:2)
  3 death yaks (IceCv)
  A two-headed ogre (D:8)
  A mana viper (Lair:2)
  2 cyclopes
  4 elephants (Lair:1)
  A manticore (D:11)
  Maurice (D:8)
  A black mamba (Lair:1)
  An ice statue (IceCv)
  2 unseen horrors
  2 kobold demonologists
  3 komodo dragons
  4 cane toads
  3 trolls
  A hornet (D:10)
  A polar bear (IceCv)
  4 blink frogs
  A shadow (D:10)
  3 wyverns
  2 vampires
  A fire elemental (D:12)
  12 yaks
  A steam dragon (D:6)
  A basilisk (Lair:2)
  4 vampire mosquitoes (D:11)
  An acid dragon (D:12)
  5 water moccasins
  A hell hound (D:12)
  4 orc warriors
  2 centaurs
  18 wolves
  An ogre (D:7)
  A phantom (D:4)
  6 kobold brigands
  Blork the orc (D:6)
  A gnoll sergeant (D:8)
  4 bullfrogs
  A scorpion (D:5)
  3 water moccasin zombies (Ossuary)
  12 killer bees
  An elephant simulacrum (Lair:3)
  4 howler monkeys
  An electric eel (D:11)
  4 centaur zombies
  A jelly (D:6)
  5 orc priests
  8 hounds
  7 orc wizards
  2 hound skeletons
  2 mummies (Ossuary)
  15 gnolls
  3 adders
  2 ufetubi
  An adder skeleton (D:4)
  8 adder zombies (Ossuary)
  3 worms
  A dart slug (D:2)
  18 orcs
  7 ball pythons
  4 endoplasms
  3 giant cockroaches
  2 gnoll zombies (Ossuary)
  6 hobgoblins
  9 jackals
  2 quokkas
  A bat (D:1)
  2 frilled lizards
  8 goblins
  4 hobgoblin zombies (Ossuary)
  10 kobolds
  2 kobold zombies (Ossuary)
  6 orc zombies (Ossuary)
  7 rats
281 creatures vanquished.

Vanquished Creatures (collateral kills)
  2 death yaks (IceCv)
  A cyclops (D:12)
  A torpor snail (Lair:2)
  A komodo dragon (D:11)
  A kobold demonologist (D:10)
  4 blink frogs
  7 yaks
  A wyvern (Lair:2)
  A warg (D:9)
  A hell hound (D:12)
  2 water moccasins
  An orc warrior (D:9)
  A black bear (Lair:1)
  2 wolves (Lair:2)
  A kobold brigand (D:10)
  A bullfrog (Lair:2)
  3 killer bees
  2 electric eels (D:11)
  A hound (D:11)
  An iguana (D:5)
  10 orcs
  13 kobolds
58 creatures vanquished.

Vanquished Creatures (others)
  An elephant (Lair:1)
  A troll (D:12)
  2 hell hounds (D:12)
  An ogre (D:4)
  2 killer bees
  An orc (D:8)
  A hobgoblin (D:4)
  2 kobolds
  12 fungi
  14 plants
37 creatures vanquished.

Grand Total: 376 creatures vanquished

Notes
Turn   | Place    | Note
-------+----------+-------------------------------------------
     0 | D:1      | PBDoughboyy the Gnoll Earth Elementalist began the quest
                  | for the Orb.
     0 | D:1      | Reached XP level 1. HP: 13/13 MP: 6/6
    84 | D:1      | Reached XP level 2. HP: 6/19 MP: 0/7
  1571 | D:2      | Reached skill level 5 in Spellcasting
  1571 | D:2      | Reached XP level 3. HP: 25/25 MP: 3/9
  1990 | D:2      | Found a faded altar of an unknown god.
  2047 | D:2      | Found a snail-covered altar of Cheibriados.
  2141 | D:2      | Reached skill level 1 in Invocations
  2466 | D:3      | Reached skill level 1 in Fighting
  2466 | D:3      | Reached skill level 1 in Short Blades
  2466 | D:3      | Reached skill level 1 in Long Blades
  2466 | D:3      | Reached skill level 1 in Axes
  2466 | D:3      | Reached skill level 1 in Maces & Flails
  2466 | D:3      | Reached skill level 1 in Polearms
  2466 | D:3      | Reached skill level 1 in Staves
  2466 | D:3      | Reached skill level 1 in Slings
  2466 | D:3      | Reached skill level 1 in Bows
  2466 | D:3      | Reached skill level 1 in Crossbows
  2466 | D:3      | Reached skill level 1 in Throwing
  2466 | D:3      | Reached skill level 1 in Armour
  2466 | D:3      | Reached skill level 1 in Shields
  2466 | D:3      | Reached skill level 1 in Unarmed Combat
  2466 | D:3      | Reached skill level 1 in Evocations
  2479 | D:3      | Learned a level 3 spell: Stone Arrow
  2723 | D:3      | Reached XP level 4. HP: 14/32 MP: 9/11
  2955 | D:3      | Reached skill level 1 in Conjurations
  2955 | D:3      | Reached skill level 1 in Hexes
  2955 | D:3      | Reached skill level 1 in Summonings
  2955 | D:3      | Reached skill level 1 in Necromancy
  2955 | D:3      | Reached skill level 1 in Translocations
  2955 | D:3      | Reached skill level 1 in Fire Magic
  2955 | D:3      | Reached skill level 1 in Ice Magic
  2955 | D:3      | Reached skill level 1 in Air Magic
  2955 | D:3      | Reached skill level 1 in Poison Magic
  3063 | D:3      | Noticed Ijyb
  3068 | D:3      | Reached XP level 5. HP: 30/37 MP: 9/12
  3545 | D:4      | Noticed a phantom
  3553 | D:4      | Killed a phantom
  3811 | D:4      | Reached XP level 6. HP: 41/44 MP: 1/13
  3926 | D:4      | Reached skill level 5 in Dodging
  4089 | D:4      | Learned a level 4 spell: Petrify
  4123 | D:4      | Found a sparkling altar of Nemelex Xobeh.
  4582 | D:5      | Entered Level 5 of the Dungeon
  4592 | D:5      | Reached XP level 7. HP: 28/51 MP: 9/15
  4770 | D:5      | Found a sand-covered staircase.
  4863 | Ossuary  | Entered an ossuary
  5021 | Ossuary  | Reached skill level 5 in Stealth
  5368 | Ossuary  | Reached XP level 8. HP: 57/57 MP: 16/16
  5605 | D:5      | Learned a level 3 spell: Spider Form
  6381 | D:6      | Noticed Blork the orc
  6678 | D:6      | Killed Blork the orc
  7040 | D:6      | Found an iron altar of Okawaru.
  7552 | D:6      | Found Heok's Jewellery Shop.
  7837 | D:7      | Noticed a troll
  7867 | D:7      | Killed a troll
  7868 | D:7      | Reached XP level 9. HP: 36/65 MP: 6/18
  7947 | D:7      | Found a staircase to the Ecumenical Temple.
  7963 | D:7      | Noticed a cyclops
  7966 | Temple   | Entered the Ecumenical Temple
  8245 | Temple   | Became a worshipper of Gozag Ym Sagoz the Greedy
  8898 | D:8      | Noticed Maurice
  8911 | D:8      | Killed Maurice
  9239 | D:8      | Killed an unseen horror
  9385 | D:8      | Reached skill level 5 in Invocations
  9855 | D:8      | Noticed a two-headed ogre
  9886 | D:8      | Killed a two-headed ogre
  9887 | D:8      | Reached skill level 5 in Fighting
  9887 | D:8      | Reached skill level 5 in Short Blades
  9887 | D:8      | Reached skill level 5 in Long Blades
  9887 | D:8      | Reached skill level 5 in Axes
  9887 | D:8      | Reached skill level 5 in Maces & Flails
  9887 | D:8      | Reached skill level 5 in Polearms
  9887 | D:8      | Reached skill level 5 in Staves
  9887 | D:8      | Reached skill level 5 in Slings
  9887 | D:8      | Reached skill level 5 in Bows
  9887 | D:8      | Reached skill level 5 in Crossbows
  9887 | D:8      | Reached skill level 5 in Throwing
  9887 | D:8      | Reached skill level 5 in Armour
  9887 | D:8      | Reached skill level 5 in Shields
  9887 | D:8      | Reached skill level 5 in Unarmed Combat
  9887 | D:8      | Reached skill level 5 in Evocations
  9887 | D:8      | Reached XP level 10. HP: 58/74 MP: 5/20
 10532 | D:7      | Killed a cyclops
 10985 | D:9      | Found a staircase to the Orcish Mines.
 11093 | D:9      | Reached skill level 5 in Transmutations
 11782 | D:9      | Noticed a wizard
 11842 | D:10     | Entered Level 10 of the Dungeon
 11851 | D:10     | Noticed a kobold demonologist
 11851 | D:10     | Noticed a kobold demonologist
 11855 | D:9      | Killed a kobold demonologist
 12034 | D:10     | Identified the +0 scale mail of Rubo {rF++}
 12224 | D:10     | Reached XP level 11. HP: 71/81 MP: 19/22
 12631 | D:10     | Reached skill level 5 in Conjurations
 12631 | D:10     | Reached skill level 5 in Hexes
 12631 | D:10     | Reached skill level 5 in Summonings
 12631 | D:10     | Reached skill level 5 in Necromancy
 12631 | D:10     | Reached skill level 5 in Translocations
 12631 | D:10     | Reached skill level 5 in Fire Magic
 12631 | D:10     | Reached skill level 5 in Ice Magic
 12631 | D:10     | Reached skill level 5 in Air Magic
 12631 | D:10     | Reached skill level 5 in Poison Magic
 12704 | D:10     | Learned a level 3 spell: Call Canine Familiar
 13681 | D:11     | Found a staircase to the Lair.
 13715 | D:11     | Noticed a manticore
 13742 | Lair:1   | Entered Level 1 of the Lair of Beasts
 13899 | D:11     | Learned a level 3 spell: Ozocubu's Armour
 13963 | D:11     | Killed a manticore
 14522 | D:12     | Noticed a cyclops
 14546 | D:12     | Killed a cyclops
 14828 | D:12     | Noticed Azrael
 14922 | Orc:1    | Entered Level 1 of the Orcish Mines
 14922 | Orc:1    | Noticed a cyclops
 15122 | Orc:1    | Killed a cyclops
 15128 | Orc:1    | Noticed an orc warlord
 15358 | Lair:1   | Reached XP level 12. HP: 73/89 MP: 8/24
 16434 | Lair:1   | Noticed a five-headed hydra
 17201 | Lair:2   | Found a staircase to the Snake Pit.
 17303 | Snake:1  | Entered Level 1 of the Snake Pit
 17592 | Lair:2   | Noticed a boulder beetle
 17612 | Lair:2   | Killed a boulder beetle
 17859 | Lair:2   | Noticed a five-headed hydra
 18440 | Lair:3   | Found a frozen archway.
 18453 | IceCv    | Entered an ice cave
 18716 | IceCv    | Reached XP level 13. HP: 98/98 MP: 22/26
 19099 | IceCv    | HP: 3/98 [yak (7)]
 19105 | IceCv    | Killed from afar by an ironbound frostheart

Illustrated notes

Levels and vault maps discovered:
D:1:      giann_wishing_wells, layout_basic
D:2:      layout_basic, basic_altar, ebering_ecumenical_altar_mist,
          minmay_tromino_mix6
D:3:      layout_loops_ring, minmay_misc_feat_columns, uniq_ijyb
D:4:      cheibrodos_thug_alley, layout_basic, kennysheep_mini_moat
D:5:      layout_cave_pools, nicolae_ossuary_entry_false_entrances,
          grunt_decor_arrowhead
D:6:      layout_loops_ring, okawaru_ov_weapons_minmay, serial_shops,
          kennysheep_little_box, uniq_blork_the_orc
D:7:      layout_loops_ring, minmay_temple_entry_grid
D:8:      layout_loops_corners, kennysheep_generic_room_16, uniq_maurice
D:9:      layout_roguey, orc_0_dummy, lightli_wizard_tower
D:10:     layout_roguey, serial_curves, eino_curves_02, eino_curves_03,
          minmay_fractal_squares_gapless_5
D:11:     layout_basic, erik_lair_island
D:12:     layout_layer_cave, serial_bayou_ford_a, uniq_azrael
Temple:   mainiacjoe_temple_big_plus
Lair:1:   layout_roguey, grunt_megastairs_2
Lair:2:   layout_chaotic_city, dummy_snake_entry, st_stairs_6,
          serial_bayou_shore_a, grunt_megastairs_4, infiniplex_staircase_pool_2
Lair:3:   layout_regular_city, portal_ice_cave_entry_ice_simulacra,
          minivault_19, lemuel_fruit_tree
Snake:1:  layout_gridlike, basic_altar, grunt_ministairs_7, serial_bayou_pond_e,
          nicolae_shop_firing_range, minmay_shop_star, grunt_megastairs_3,
          uniq_kirke
Orc:1:    layout_caves
IceCv:    ice_cave_caverns_03

Skill      XL: |  1  2  3  4  5  6  7  8  9 10 11 12 13 |
---------------+----------------------------------------+-----
Transmutations | 2 3 4 5 6 7 |  7.1
Spellcasting   | 5 6 7 8 9 |  9.6
Invocations    | 1 2 3 4 5 6 7 8 |  8.9
Fighting       | 1 2 3 5 6 7 8 |  8.1
Short Blades   | 1 2 3 5 6 7 8 |  8.1
Long Blades    | 1 2 3 5 6 7 8 |  8.1
Axes           | 1 2 3 5 6 7 8 |  8.1
Maces & Flails | 1 2 3 5 6 7 8 |  8.1
Polearms       | 1 2 3 5 6 7 8 |  8.1
Staves         | 1 2 3 5 6 7 8 |  8.1
Slings         | 1 2 3 5 6 7 8 |  8.1
Bows           | 1 2 3 5 6 7 8 |  8.1
Crossbows      | 1 2 3 5 6 7 8 |  8.1
Throwing       | 1 2 3 5 6 7 8 |  8.1
Armour         | 1 2 3 5 6 7 8 |  8.1
Shields        | 1 2 3 5 6 7 8 |  8.1
Unarmed Combat | 1 2 3 5 6 7 8 |  8.1
Evocations     | 1 2 3 5 6 7 8 |  8.1
Conjurations   | 1 2 3 4 5 6 |  6.7
Hexes          | 1 2 3 4 5 6 |  6.7
Summonings     | 1 2 3 4 5 6 |  6.7
Necromancy     | 1 2 3 4 5 6 |  6.7
Translocations | 1 2 3 4 5 6 |  6.7
Fire Magic     | 1 2 3 4 5 6 |  6.7
Ice Magic      | 1 2 3 4 5 6 |  6.7
Air Magic      | 1 2 3 4 5 6 |  6.7
Poison Magic   | 1 2 3 4 5 6 |  6.7
Dodging        | 5 6 7 8 9 |  9.4
Stealth        | 5 6 7 8 9 |  9.2
Earth Magic    | 6 7 8 |  8.8

Action                   |  1- 3 |  4- 6 |  7- 9 | 10-12 | 13-15 || total
-------------------------+-------+-------+-------+-------+-------++-------
Melee: Unarmed           |    30 |       |   115 |   236 |       ||   381
       Bite              |     5 |     7 |    30 |    67 |    11 ||   120
       Punch             |     2 |     1 |     3 |    33 |       ||    39
       Hand axe          |    65 |     6 |       |       |       ||    71
       Dagger            |     1 |    39 |   236 |   431 |       ||   707
       Halberd           |       |       |       |    12 |    88 ||   100
Throw: Dart              |       |     3 |    12 |   100 |       ||   115
 Cast: Sandblast         |    29 |    27 |    35 |    97 |    25 ||   213
       Stone Arrow       |       |    11 |    12 |     8 |       ||    31
       Petrify           |       |       |    11 |    12 |     2 ||    25
       Spider Form       |       |       |    18 |    30 |       ||    48
       Call Canine Famil |       |       |       |    61 |     7 ||    68
       Ozocubu's Armour  |       |       |       |     3 |     3 ||     6
Evoke: Wand              |       |     6 |     5 |    11 |       ||    22
  Use: Potion            |       |       |     1 |       |       ||     1
 Stab: Sleeping          |     9 |     2 |     5 |     9 |       ||    25
       Petrified         |       |       |    19 |    27 |     6 ||    52
       Petrifying        |       |       |     1 |     2 |       ||     3
       Distracted        |       |       |     3 |     2 |     1 ||     6
Armor: Robe              |    21 |    19 |    27 |       |       ||    67
       Troll leather arm |       |       |     4 |   144 |    38 ||   186
       Skin              |       |       |     3 |     5 |       ||     8
Dodge: Dodged            |    79 |    47 |   229 |   485 |    58 ||   898
